 Dungeon Crawl Stone Soup version 0.20.0 (webtiles) character file.

8232 Nothus the Nimble (level 11, -1/93 HPs)
             Began as a Merfolk Gladiator on May 28, 2017.
             Was a Follower of Uskayaw.
             Killed from afar by moogleknight's ghost (30 damage)
             ... with a flame tongue
             ... on level 11 of the Dungeon.
             The game lasted 01:20:36 (13894 turns).

Nothus the Nimble (Merfolk Gladiator)              Turns: 13894, Time: 01:20:37

Health: -1/93      AC: 11    Str: 14    XL:     11   Next: 27%
Magic:  0/15       EV: 19    Int:  9    God:    Uskayaw [*.....]
Gold:   347        SH:  7    Dex: 18    Spells: 9/10 levels left

rFire    . . .     SeeInvis .   a - +1 long sword
rCold    . . .     Gourm    .   h - +2 buckler
rNeg     . . .     Faith    .   r - +3 leather armour
rPois    .         Spirit   .   c - +1 helmet
rElec    .         Reflect  .   g - +2 cloak
rCorr    .         Harm     .   (no gloves)
MR       +....                  (no boots)
Stlth    +.........             (no amulet)
Regen    0.3/turn               u - ring of protection from magic
MPRegen  0.2/turn               (no ring)

@: drained
A: change form in water, swift swim, stealthy swim
a: Stomp, Renounce Religion


You were on level 11 of the Dungeon.
You worshipped Uskayaw.
Uskayaw was noncommittal.
You were not hungry.

You visited 2 branches of the dungeon, and saw 12 of its levels.
You also visited: Sewer.

You collected 750 gold pieces.
You spent 403 gold pieces at shops.

Inventory:

Hand Weapons
 a - a +1 long sword (weapon)
 b - a +0 blowgun
Missiles
 d - 3 tomahawks (quivered)
 p - 2 needles of paralysis
 A - 3 poisoned needles
Armour
 c - a +1 helmet (worn)
 g - a +2 cloak (worn)
 h - a +2 buckler (worn)
 n - a +0 troll leather armour
 r - a +3 leather armour (worn)
 s - a +0 cloak of poison resistance
Jewellery
 u - a ring of protection from magic (left hand)
 w - an uncursed ring of wizardry {unknown}
Wands
 e - a wand of digging (6/24)
 k - a wand of iceblast (9/15)
 q - a wand of flame (10/48)
 v - a wand of random effects (13/48)
 y - a wand of paralysis (4/24)
Scrolls
 o - 2 scrolls of blinking
 t - a scroll of enchant weapon
 B - a scroll of teleportation
 G - 2 scrolls of remove curse {unknown}
 I - a scroll of identify
Potions
 j - 6 potions of curing
 l - 2 potions of degeneration {unknown}
 m - a potion of cancellation {unknown}
 z - 2 potions of haste
 D - 2 potions of heal wounds
 E - 2 potions of might
 F - a potion of agility
 H - 2 potions of lignification
Books
 x - a book of Enchantments

   Spells                             Type                      Level
   a - Cause Fear                     Hexes                        4
   b - Yara's Violent Unravelling     Hexes/Transmutation          5
   c - Silence                        Hexes/Air                    5
   d - Deflect Missiles               Charms/Air                   6
   e - Discord                        Hexes                        8
Comestibles
 f - 5 bread rations
 i - 6 royal jellies


   Skills:
 - Level 11.2(9.9) Fighting
 - Level 9.6(8.3) Long Blades
 - Level 2.0(1.0) Throwing
 - Level 11.6(10.3) Dodging
 + Level 4.8(3.7) Shields
 - Level 5.5(4.4) Invocations


You had 9 spell levels left.
You knew the following spells:

 Your Spells              Type           Power        Failure   Level  Hunger
a - Confusing Touch       Hex            #.....       47%         1    ##.....


Dungeon Overview and Level Annotations

Branches:
Dungeon (11/15)            Temple (1/1) D:5            Lair (0/6) D:9
    Orc: D:9-12

Altars:
Ashenzari
Cheibriados
Dithmenos
Elyvilon
Fedhas
Gozag
Hepliaklqana
Kikubaaqudgha
Makhleb
Nemelex Xobeh
Qazlal
Ru
Sif Muna
Trog
Uskayaw
Vehumet
Xom
Zin
The Shining One

Shops:
D:7 *   D:10 !

Annotations:
D:7 exclusion: door
D:11 moogleknight's ghost, journeyman DrFE


Message History

You are covered in liquid flames!
* * * LOW HITPOINT WARNING * * *
The orc wizard shouts!
You feel better.
You are covered in liquid flames!
Moogleknight's ghost seems less confused.
Moogleknight's ghost closely misses you.
You riposte.
You barely miss moogleknight's ghost.
Moogleknight's ghost is heavily damaged.
The orc wizard closely misses you.
You riposte.
You slash the orc wizard!
The orc wizard is severely wounded.
You barely miss the orc wizard.
The orc wizard is severely wounded.
You block moogleknight's ghost's attack.
You completely miss the orc wizard.
The orc wizard is severely wounded.
You block the orc wizard's attack.
Moogleknight's ghost points at you and mumbles some strange words.
The flame tongue hits you!
You die...

#...###..# .... ##.##
[### ### ##.# ..... ##.#
##... # #######..#
#....###. ###.(.....##
.......(###.........##
###.....)(##.#......####
#.......o@#####.........
#.....()#W# #.#....#####
###...(.#.###....#.#
$........##.......#.## #
.##..................#.##
#.........#............
....<......#........#...
##.....#.#..#......#..#.#
#.....###........#.......


You could see an orc wizard and moogleknight's ghost.

Vanquished Creatures
  Joseph (D:8)
  2 trolls
  The ghost of Raine357 the Slasher, an amateur DrCK of Xom (D:5)
  3 hippogriffs
  9 yaks
  A basilisk (D:9)
  A hungry ghost (D:11)
  Menkaure (D:5)
  2 orc warriors (D:7)
  Purgy (Sewer)
  A black bear (D:8)
  2 sky beasts
  An ice beast (D:10)
  An eye of draining (D:9)
  A necrophage (D:3)
  7 ogres
  2 centaurs
  A big kobold (D:10)
  A crocodile (D:9)
  3 bullfrogs
  A gnoll sergeant (D:10)
  5 scorpions
  6 killer bees
  5 wights
  3 howler monkeys
  6 crimson imps
  A bullfrog zombie (D:11)
  2 jellies (D:9)
  2 centaur zombies (D:10)
  3 orc priests
  6 hounds
  6 orc wizards
  Crazy Yiuf (D:7)
  2 centaur skeletons
  Jessica (D:2)
  3 bullfrog skeletons
  4 iguanas
  Terence (D:3)
  9 worker ants
  A hound skeleton (D:4)
  A howler monkey zombie (D:7)
  A worker ant zombie (D:6)
  6 adders
  18 gnolls
  4 shadow imps
  An ooze (D:1)
  An adder zombie (D:6)
  A worm (D:2)
  6 leopard geckos
  22 orcs
  3 ball pythons
  11 giant cockroaches
  8 goblins
  4 hobgoblins
  5 jackals
  5 quokkas
  12 bats
  9 frilled lizards
  A giant cockroach zombie (D:5)
  A jackal skeleton (D:7)
  12 kobolds
  2 leopard gecko skeletons
  A quokka skeleton (D:5)
  8 rats
  A butterfly (D:3)
254 creatures vanquished.

Vanquished Creatures (others)
  A kobold (D:3)
1 creature vanquished.

Grand Total: 255 creatures vanquished

Notes
Turn   | Place    | Note
-------+----------+-------------------------------------------
     0 | D:1      | Nothus the Merfolk Gladiator began the quest for the Orb.
     0 | D:1      | Reached XP level 1. HP: 16/16 MP: 1/1
    69 | D:1      | Reached XP level 2. HP: 14/22 MP: 2/2
   353 | D:1      | Reached skill level 5 in Dodging
   573 | D:1      | Reached XP level 3. HP: 27/27 MP: 3/3
   867 | D:2      | Reached XP level 4. HP: 10/33 MP: 4/4
  1353 | D:2      | Found a white marble altar of Elyvilon.
  1395 | D:2      | Noticed Jessica
  1421 | D:2      | Killed Jessica
  1733 | D:3      | Noticed Terence
  1733 | D:3      | Reached XP level 5. HP: 39/39 MP: 5/5
  1751 | D:3      | Killed Terence
  1949 | D:3      | Noticed an ogre
  1967 | D:3      | Killed an ogre
  1967 | D:3      | Reached XP level 6. HP: 13/50 MP: 6/6
  2187 | D:3      | Found a glowing silver altar of Zin.
  2328 | D:3      | Noticed a necrophage
  2343 | D:3      | Killed a necrophage
  2343 | D:3      | Reached skill level 5 in Fighting
  2348 | D:3      | Found a shimmering altar of Xom.
  2441 | D:3      | Found a faded altar of an unknown god.
  2620 | D:3      | Found a deep blue altar of Sif Muna.
  3116 | D:4      | Reached XP level 7. HP: 41/56 MP: 7/7
  3965 | D:5      | Entered Level 5 of the Dungeon
  4142 | D:5      | Noticed Menkaure
  4144 | D:5      | Noticed Raine357's ghost (amateur DrCK)
  4163 | D:5      | Reached skill level 5 in Long Blades
  4187 | D:5      | Killed Menkaure
  4187 | D:5      | Reached XP level 8. HP: 23/65 MP: 8/8
  4236 | D:5      | Found a white marble altar of Elyvilon.
  4529 | D:5      | Found a glowing drain.
  4545 | Sewer    | Entered a sewer
  4694 | Sewer    | Noticed Purgy
  4744 | Sewer    | Killed Purgy
  4977 | D:6      | Found a burning altar of Makhleb.
  5116 | D:6      | Learned a level 1 spell: Confusing Touch
  5810 | D:7      | Got a fine hunting sling
  6003 | D:7      | Found a radiant altar of Vehumet.
  6144 | D:7      | Found Ydait's General Store.
  6153 | D:7      | Bought a potion of lignification for 42 gold pieces
  6153 | D:7      | Bought a potion of haste for 140 gold pieces
  6173 | D:7      | Found a runed door.
  6177 | D:7      | Noticed Crazy Yiuf
  6565 | D:7      | Reached XP level 9. HP: 68/72 MP: 9/9
  6882 | D:8      | Got a bloodstained ring mail
  6893 | D:8      | Identified the +1 ring mail of Recklessness {*Slow +Blink +Fly Int+4} (You found it on level 8 of the Dungeon)
  7002 | D:8      | Noticed Joseph
  7025 | D:8      | Killed Joseph
  7498 | D:8      | Found a sacrificial altar of Ru.
  7650 | D:8      | Reached skill level 10 in Dodging
  8767 | D:5      | Found a shattered altar of Ashenzari.
  8949 | D:5      | Found a staircase to the Ecumenical Temple.
  8986 | Temple   | Entered the Ecumenical Temple
  8997 | Temple   | Became a worshipper of Uskayaw the Reveler
  9205 | D:5      | Reached * piety under Uskayaw
  9224 | D:5      | Killed Raine357's ghost
  9519 | D:5      | Reached ** piety under Uskayaw
  9520 | D:5      | Reached XP level 10. HP: 80/80 MP: 10/10
  9730 | D:7      | Killed Crazy Yiuf
 10066 | D:9      | Reached *** piety under Uskayaw
 10345 | D:9      | Reached **** piety under Uskayaw
 10349 | D:9      | Reached ***** piety under Uskayaw
 10455 | D:9      | Found a staircase to the Lair.
 10651 | D:9      | Reached skill level 10 in Fighting
 11189 | D:9      | Noticed a death yak
 11309 | D:9      | Noticed a two-headed ogre
 11811 | D:10     | Entered Level 10 of the Dungeon
 12686 | D:10     | Found Oklibic's Distillery.
 12699 | D:10     | Bought a potion of might for 52 gold pieces
 12699 | D:10     | Bought a potion of might for 52 gold pieces
 12699 | D:10     | Bought a potion of heal wounds for 65 gold pieces
 12699 | D:10     | Bought a potion of agility for 52 gold pieces
 12727 | D:10     | Reached skill level 5 in Invocations
 12727 | D:10     | Reached XP level 11. HP: 88/93 MP: 13/15
 13016 | D:11     | Reached skill level 1 in Shields
 13874 | D:11     | Noticed moogleknight's ghost (journeyman DrFE)
 13894 | D:11     | Killed from afar by moogleknight's ghost

Skill      XL: |  1  2  3  4  5  6  7  8  9 10 11 |
---------------+----------------------------------+-----
Dodging        | 5 6 7 11 | 11.6
Fighting       | 4 6 7 11 | 11.2
Long Blades    | 5 9 |  9.6
Invocations    | 5 |  5.5
Shields        | 4 |  4.8
Throwing       | |  2.0

Action                   |  1- 3 |  4- 6 |  7- 9 | 10-12 || total
-------------------------+-------+-------+-------+-------++-------
Melee: Long sword        |    90 |   150 |   465 |   455 ||  1160
       Tailslap          |       |       |     3 |     2 ||     5
Throw: Throwing net      |     1 |     3 |     1 |       ||     5
       Tomahawk          |       |       |       |     1 ||     1
Invok: Stomp             |       |       |     1 |     5 ||     6
       Line Pass         |       |       |       |     6 ||     6
Evoke: Wand              |       |       |    11 |       ||    11
  Use: Scroll            |       |       |    15 |       ||    15
       Potion            |       |       |     5 |     1 ||     6
 Stab: Sleeping          |       |     1 |     1 |     2 ||     4
       Paralysed         |       |       |     1 |    20 ||    21
       Confused          |       |       |       |     1 ||     1
  Eat: Chunk             |       |     7 |    12 |     6 ||    25
       Meat ration       |       |       |     1 |     2 ||     3
       Fruit             |       |       |     6 |       ||     6
       Bread ration      |       |       |       |     1 ||     1
       Royal jelly       |       |       |       |     1 ||     1
Armor: Leather armour    |    23 |    28 |   114 |    90 ||   255
Dodge: Dodged            |    72 |   138 |   446 |   395 ||  1051
Block: Buckler           |       |       |       |   135 ||   135
       Rpst.: Long sword |    27 |    53 |   113 |   108 ||   301
